AoeStats
← thecartelflow

Black Forest

510149458Analyzed
4v4 RM · 4d ago on Sep 29, 2026· 29m 1s· 8 players
Game mode
Random Map
Map size
Large (8 player)
Population
200
Speed
Normal
Resources
Standard
Victory
Conquest
Starting age
Dark Age
Ending age
Imperial Age
RankedLock teamsTeams togetherTeam positionsShared explorationLock speedFull tech treeHidden civsTurbo modeCheats
Victory
Defeat
🇳🇱 Lithuanians · Netherlands
732
+16
🇹🇷 Turks · Türkiye
725
+17
🇹🇷 Turks · Türkiye
706
+17
🇷🇴 Persians · Romania
680
+20
🇺🇸 Mongols · United States
774
-49
🇲🇽 Portuguese · Mexico
753
-18
🇹🇼 Teutons · Taiwan
733
-17
🇧🇷 Britons · Brazil
696
-16
Adrian_kiss99
1:50 Loom
13:45 Feudal Age
15:06 Wheelbarrow
14:25 Double-Bit Axe
17:20 Horse Collar
25:01 Castle Age
25:48 Hand Cart
26:29 Bow Saw
27:17 Heavy Plow
27:19 Stone Mining
28:21 Scale Barding Armor
28:27 Forging
T100official
1:34 Loom
11:48 Feudal Age
12:16 Double-Bit Axe
12:13 Horse Collar
17:57 Castle Age
20:12 Man-at-Arms
23:15 Bow Saw
25:26 Wheelbarrow
24:37 Town Watch
27:24 Heavy Plow
29:14 Hand Cart
AloneArcher
0:43 Loom
13:22 Feudal Age
14:45 Horse Collar
14:54 Double-Bit Axe
15:22 Gold Mining
18:32 Castle Age
17:16 Man-at-Arms
21:03 Heavy Plow
22:07 Stone Mining
24:21 Gold Shaft Mining
26:30 Long Swordsman
29:04 Bow Saw
{C*}SIFIR
12:48 Feudal Age
19:59 Castle Age
21:13 Double-Bit Axe
22:46 Caravan
thecartelflow
1:23 Loom
20:02 Feudal Age
20:26 Horse Collar
21:57 Wheelbarrow
22:04 Double-Bit Axe
24:46 Arson
24:31 Man-at-Arms
25:21 Town Watch
j.quintero_1988
1:03 Loom
Ironkinghard
遇見佩特
1:01 Loom
13:05 Feudal Age
15:30 Arson
23:35 Man-at-Arms
Connection lost

Rejoining the realm…

Still unreachable

The connection could not be restored.

Session expired

The server has moved on; the page needs a fresh start.